Map: Lightshade LE

Players

SpeCial - Winner!

  • Race: Terran Terran

Cham

  • Race: Zerg Zerg

Event: DreamHack SC2 Masters 2021 Winter

VOD

Have the link to the VOD?

Description

Time

  • Played on: Oct. 1, 2021, 3:54 p.m.
  • Length: 10:36

All games in this series

Show
View Real Time Build Order
Export as new Build Order

SpeCial Terran - Winner!

Build Orders: Reaper Expand, Banshee Rush 

Get SALT Encoding   

  12  0:00  SCV  
  13  0:12  SCV  
  14  0:17  Supply Depot  
  14  0:24  SCV  
  15  0:39  SCV  
  15  0:40  Barracks  
  16  0:43  Refinery  
  16  0:51  SCV  
  17  1:03  SCV  
  18  1:15  SCV  
  19  1:27  Orbital Command  
  19  1:28  Reaper  
  20  1:38  Command Center  
  20  1:52  Supply Depot  
  20  1:53  SCV  
  21  1:59  Marine  
  22  2:06  SCV  
  22  2:07  Factory  
  23  2:11  Refinery  
  23  2:18  SCV  
  23  2:21  Barracks Reactor  
  24  2:30  SCV  
  25  2:42  SCV  
  26  2:51  Orbital Command  
  26  2:54  SCV  
  26  2:58  Starport  
  27  3:04  Hellion x2  
  31  3:06  SCV  
  31  3:11  Supply Depot  
  32  3:17  SCV  
  32  3:18  Barracks Tech Lab, SCV  
  33  3:22  Bunker  
  33  3:25  Widow Mine x2  
  37  3:30  Supply Depot  
  37  3:34  SCV x2  
  39  3:43  Cloaking Field, Banshee  
  39  3:44  Marine  
  39  3:48  Hellion  
  45  3:55  Hellion  
  45  3:56  SCV  
  45  4:02  Supply Depot, Marine  
  45  4:03  SCV  
  45  4:08  SCV  
  47  4:15  SCV  
  48  4:17  Widow Mine  
  48  4:20  Marine  
  48  4:21  SCV  
  52  4:26  Banshee  
  52  4:27  SCV  
  56  4:34  SCV  
  57  4:40  SCV  
  58  4:46  SCV  
  58  4:48  Command Center  
  58  4:50  Barracks Tech Lab  
  59  4:53  SCV  
  59  4:57  Barracks  
  59  4:58  SCV  
  61  5:03  Factory Reactor  
  61  5:05  SCV  
  62  5:10  Barracks  
  62  5:13  Stimpack  
  62  5:14  Supply Depot  
  62  5:18  SCV x2, Raven, Marine  
  65  5:30  SCV x2  
  63  5:36  Marine  
  63  5:39  Engineering Bay  
  63  5:40  Engineering Bay  
  63  5:42  SCV x2  
  64  5:45  Refinery  
  64  5:46  Refinery  
  64  5:47  Supply Depot  
  64  5:53  Factory Reactor  
  64  5:54  SCV x2  
  64  5:55  Marine  
  64  5:56  Marine x2  
  69  5:57  Marine  
  69  6:00  Orbital Command  
  69  6:01  Supply Depot  
  70  6:06  Terran Infantry Weapons Level 1, SCV x2  
  70  6:07  Missile Turret  
  72  6:11  Missile Turret  
  72  6:14  Missile Turret, Starport Reactor  
  72  6:15  Terran Infantry Armor Level 1  
  72  6:19  Marine x3  
  72  6:23  SCV  
  72  6:24  Marine  
  75  6:33  Orbital Command  
  75  6:35  Missile Turret  
  75  6:37  Marine x2  
  75  6:38  Orbital Command  
  77  6:41  SCV x2  
  77  6:42  Marine  
  79  6:50  Medivac, Factory Reactor  
  79  6:51  Medivac  
  79  6:53  SCV  
  83  6:54  Combat Shield  
  83  6:55  Marine x2  
  83  6:56  SCV  
  83  6:58  Missile Turret  
  86  7:05  SCV x2  
  86  7:07  Marine x3  
  86  7:08  SCV  
  92  7:12  Marine  
  92  7:13  Marine  
  91  7:17  SCV  
  91  7:20  SCV x2, Barracks  
  91  7:22  Medivac x2, Barracks  
  97  7:25  Marine x3  
  97  7:29  SCV  
  99  7:30  Marine  
  99  7:31  Marine  
  99  7:32  Supply Depot  
  99  7:35  SCV x2, Factory Tech Lab  
  97  7:41  SCV, Armory  
  97  7:42  Marine x2  
  97  7:43  Marine  
  101  7:47  Supply Depot, SCV x2  
  101  7:48  Marine  
  101  7:49  Supply Depot, Marine  
  105  7:53  SCV, Medivac  
  105  7:54  Medivac  
  105  7:57  Siege Tank  
  113  8:00  Marine x3  
  113  8:04  SCV  
  114  8:06  Marine x2  
  114  8:07  SCV  
  114  8:09  SCV  
  113  8:18  Marine x3  
  113  8:20  Barracks Tech Lab  
  113  8:24  Marine x2  
  113  8:25  SCV  
  116  8:27  Refinery, Command Center  
  116  8:28  Supply Depot, Marine  
  116  8:31  Marine  
  116  8:32  Siege Tank  
  121  8:36  Marine x3  
  123  8:41  Marine  
  123  8:42  Marine  
  123  8:43  Marine  
  123  8:45  SCV, Marine  
  121  8:49  Marine  
  121  8:54  Marine x3  
  115  8:59  Marine  
  115  9:00  Bunker, Marine  
  115  9:02  Marauder, Bunker  
  114  9:03  Marine  
  114  9:05  Siege Tank  
  114  9:06  Bunker  
  114  9:07  Marine  
  117  9:11  Marine  
  117  9:12  Marauder, Marine  
  121  9:17  Marine  
  121  9:18  Marine  
  121  9:21  Marine  
  121  9:23  Marine  
  125  9:25  Marine  
  125  9:29  Marine x2  
  114  9:34  Marauder  
  114  9:35  Marine  
  114  9:36  Marine  
  96  9:39  Marine  
  96  9:40  SCV, Marine  
  96  9:43  Siege Tank, Marine  
  89  9:47  Marine x2  
  89  9:51  SCV  
  86  9:53  Marine  
  86  9:54  SCV, Marine x2  
  86  9:57  Marine  
  86  9:58  Marine  
  91  10:01  Marine  
  91  10:05  Marine x2  
  92  10:10  Marine  
  92  10:12  Marine x2  
  91  10:14  SCV x3, Marine  
  98  10:22  Supply Depot  
Show
View Real Time Build Order
Export as new Build Order

Cham Zerg 

Build Orders: Hatch First 

Get SALT Encoding   

  12  0:00  Drone  
  13  0:10  Drone  
  14  0:21  Overlord  
  14  0:25  Drone, Extractor  
  15  0:40  Drone  
  16  0:49  Hatchery  
  15  0:51  Drone  
  15  0:55  Drone  
  17  0:59  Drone  
  18  1:12  Spawning Pool  
  18  1:14  Extractor  
  18  1:17  Drone  
  17  1:20  Drone  
  18  1:26  Drone  
  19  1:37  Drone  
  20  1:48  Drone  
  21  2:00  Queen  
  21  2:01  Queen  
  23  2:02  Zergling x4  
  27  2:10  Roach Warren  
  27  2:14  Overlord  
  26  2:19  Drone  
  27  2:23  Spore Crawler  
  26  2:51  Roach x4  
  34  2:52  Overlord  
  34  2:55  Roach, Extractor  
  34  2:56  Extractor x2  
  33  3:02  Roach  
  38  3:10  Overlord  
  38  3:23  Drone x4  
  38  3:25  Drone  
  38  3:27  Lair  
  43  3:29  Queen, Extractor  
  43  3:33  Drone  
  45  3:37  Drone  
  45  3:40  Roach  
  45  3:42  Drone  
  46  3:51  Ravager  
  46  3:55  Ravager  
  45  3:57  Ravager  
  45  3:59  Drone  
  45  4:00  Drone x3  
  46  4:03  Drone  
  46  4:05  Overlord  
  46  4:06  Drone x2  
  46  4:08  Drone x2  
  51  4:10  Extractor  
  51  4:13  Drone  
  51  4:26  Evolution Chamber x2  
  51  4:27  Spire  
  51  4:29  Extractor  
  51  4:30  Drone x2  
  49  4:36  Drone x2  
  49  4:37  Drone  
  52  4:40  Spore Crawler  
  52  4:43  Spore Crawler  
  48  4:47  Drone  
  48  4:49  Drone  
  50  4:53  Drone  
  50  4:55  Drone x2  
  50  4:57  Drone  
  50  4:58  Drone  
  55  5:06  Overlord  
  55  5:07  Overlord  
  55  5:11  Overseer  
  53  5:21  Overlord  
  49  5:39  Drone  
  49  5:40  Drone x3  
  53  5:43  Mutalisk x4  
  61  5:51  Mutalisk x3  
  67  6:03  Hatchery  
  66  6:06  Drone x2  
  68  6:11  Overlord  
  68  6:18  Overlord  
  68  6:19  Overlord  
  64  6:27  Drone x4  
  64  6:29  Overlord  
  68  6:36  Zerg Missile Weapons Level 1  
  68  6:40  Zerg Ground Armor Level 1  
  68  6:42  Drone  
  68  6:43  Drone  
  70  6:54  Drone x6  
  73  6:56  Glial Reconstitution  
  76  7:03  Roach x2  
  76  7:06  Roach  
  76  7:08  Roach  
  84  7:11  Roach  
  86  7:16  Roach x2  
  86  7:17  Roach  
  86  7:20  Roach  
  86  7:21  Roach  
  96  7:25  Drone x2  
  96  7:28  Roach  
  97  7:37  Roach x3  
  97  7:39  Overlord  
  101  7:45  Overlord  
  101  7:46  Roach x2  
  105  7:55  Overlord x3  
  104  8:01  Roach  
  96  8:08  Roach x3  
  96  8:09  Roach x2  
  84  8:17  Roach x2  
  84  8:19  Roach x2  
  94  8:20  Roach  
  94  8:22  Roach  
  94  8:24  Roach  
  94  8:26  Roach  
  100  8:27  Roach  
  100  8:30  Roach  
  100  8:32  Roach  
  100  8:34  Roach  
  106  8:43  Roach  
  106  8:44  Roach  
  106  8:46  Roach  
  106  8:47  Roach  
  104  8:48  Roach  
  104  8:50  Roach  
  104  8:54  Roach  
  96  8:58  Roach  
  96  8:59  Roach  
  96  9:00  Ravager  
  96  9:01  Ravager  
  103  9:02  Ravager  
  103  9:05  Ravager x2  
  103  9:08  Roach  
  109  9:10  Ravager, Roach  
  109  9:14  Roach  
  112  9:18  Roach  
  114  9:28  Roach  
  110  9:35  Roach  
  110  9:37  Roach x3  
  94  9:40  Roach x2  
  94  9:41  Roach x2  
  94  9:43  Roach  
  94  9:52  Roach x3  
  86  9:53  Roach  
  86  9:57  Roach  
  87  10:01  Roach  
  87  10:04  Roach  
  87  10:06  Roach  
  92  10:07  Roach  
  92  10:12  Roach x2  
  92  10:14  Ravager  
  92  10:16  Ravager  

Tags
 
Add a new tag
Caveats
  • Supply blocks, unpowered buildings, or Contaminate may cause inaccurate times.
  • Supply counts are checked every 10 seconds.